 Dungeon Crawl Stone Soup version 0.32-a0-172-gc5dd13f2a7 (webtiles) character file.

Game seed: 7008386030111224891

149 Dittersdorf the Trooper (level 5, -1/33 HPs)
             Began as a Gargoyle Fighter on Feb 12, 2024.
             Slain by Menkaure (17 damage)
             ... on level 4 of the Dungeon.
             The game lasted 00:02:56 (2423 turns).

Dittersdorf the Trooper (Gargoyle Fighter)          Turns: 2423, Time: 00:02:57

Health: -1/33      AC: 11    Str: 21    XL:     5   Next: 31%
Magic:  0/5        EV: 10    Int:  9    God:
Gold:   156        SH:  4    Dex:  9    Spells: 4/4 levels left

rFire   + . .        a - +1 flail
rCold   . . .        c - +0 buckler
rNeg    + . .        j - +2 ring mail {rF+}
rPois   ∞            (no helmet)
rElec   +            (no cloak)
rCorr   .            (no gloves)
SInv    .            (no boots)
Will    .....        m - amulet of guardian spirit Stlth
                     (no ring)
HPRegen 0.25/turn    (no ring)
MPRegen 0.09/turn

%: guardian spirit
@: no status effects
A: sickness immunity, AC +4, negative energy resistance 1, electricity
resistance, torment resistance 1, petrification resistance
a: no special abilities


You were on level 4 of the Dungeon.
You visited 1 branch of the dungeon, and saw 4 of its levels.

You collected 156 gold pieces.

Inventory:

Hand Weapons
 a - a +1 flail (weapon)
Armour
 c - a +0 buckler (worn)
 j - a +2 ring mail of fire resistance (worn)
Jewellery
 f - an amulet of faith
 m - an amulet of guardian spirit (around neck)
Scrolls
 e - 2 scrolls of enchant weapon
 g - 2 scrolls of enchant armour {unknown}
 h - a scroll of blinking {unknown}
 k - a scroll of fog {unknown}
Potions
 b - 3 potions of curing {unknown}
 d - a potion of might
 i - a potion of brilliance {unknown}
 l - 2 potions of ambrosia {unknown}
 o - a potion of cancellation


   Skills:
 + Level 4.3 Fighting
 + Level 3.1 Maces & Flails
 + Level 4.2 Armour
 + Level 4.3 Shields


You had 4 spell levels left.
You didn't know any spells.
Your spell library was empty.

Dungeon Overview and Level Annotations

Branches:
Dungeon (4/15)
 Temple: D:4-7

Altars:
Ru

Shops:
D:3 [

Annotations:
D:4 Menkaure


Innate Abilities, Weirdness & Mutations

You are immune to sickness and miasma.
Your stone body is resilient. (AC +4)
You are immune to poison.
You resist negative energy. (rN+)
You are resistant to electric shocks. (rElec)
You are resistant to unholy torment.
You are immune to petrification.


Message History

You kill the orc!
No target in view!
No target in view!
No target in view!
No target in view!
No target in view!
No target in view!
No target in view!
No target in view!
No target in view!
No target in view!
No target in view!
You climb downwards.
There is a stone staircase leading up here.
You see here a potion of lignification.
f - an amulet of faith No target in view!
Menkaure, Prince of Dust comes into view.
Menkaure shouts!
An adder comes into view.
Menkaure calls on the powers of darkness!
The adder convulses!
Your body is wracked with pain!
The adder bites you but does no damage.
You closely miss the adder.
The adder is moderately wounded.
The adder closely misses you.
Menkaure gestures wildly while chanting.
Menkaure seems to speed up.
You miss the adder.
The adder is moderately wounded.
The adder closely misses you. The adder bites you. Menkaure hits you!
You barely miss the adder.
The adder is moderately wounded.
You block the adder's attack. Menkaure hits you but does no damage.
The adder barely misses you.
You hit the adder.
The adder is almost dead.
Menkaure closely misses you. The adder bites you. Menkaure hits you!!
Ouch! That really hurt!
You die...

... ###.. .... ...
#.. #####..##
......MS# ## # #@#
. #.#.#.#
##.#.#.#####
#..........#
##..#.#.###.# #
.##.....#.###.##.#
........#....<...#
........#####.####
####..##.........#


You could see Menkaure (fast) and an adder.

Vanquished Creatures
  A bombardier beetle (D:3)
  A hound (D:3)
  2 adders (D:3)
  3 dart slugs
  4 ribbon worms (D:2)
  2 orcs (D:3)
  5 bats
  An endoplasm (D:1)
  4 giant cockroaches
  7 hobgoblins
  4 jackals (D:2)
  3 ball pythons
  4 frilled lizards
  6 goblins
  A kobold (D:1)
  3 rats
51 creatures vanquished.

Notes
Turn   | Place    | Note
-------+----------+-------------------------------------------
     0 | D:1      | Dittersdorf the Gargoyle Fighter began the quest for the
                  | Orb.
     0 | D:1      | Reached XP level 1. HP: 14/14 MP: 1/1
   276 | D:1      | Reached XP level 2. HP: 6/19 MP: 2/2
   713 | D:2      | Reached XP level 3. HP: 14/23 MP: 3/3
  1468 | D:3      | Reached XP level 4. HP: 29/29 MP: 4/4
  1572 | D:3      | Found Tahookka's Antique Armour Boutique.
  1623 | D:3      | Found a sacrificial altar of Ru.
  1937 | D:3      | Reached XP level 5. HP: 24/33 MP: 5/5
  2416 | D:4      | Noticed Menkaure
  2423 | D:4      | Slain by Menkaure

Illustrated notes

Levels and vault maps discovered:
D:1:      lightli_arrival_windingriver, layout_basic
D:2:      layout_loops_cross, minmay_octomino_j4
D:3:      kb_forest_paths, layout_loops_ring, marbit_many_paths, serial_shops,
          shop
D:4:      layout_loops_corners, mainiacjoe_overflow_surrounded_room,
          nicolae_hepliaklqana_hazy_memory, chequers_serial_rivers_small_a,
          solitary_fountain, minmay_ruptured, uniq_menkaure

Skill      XL: |  1  2  3  4 |
---------------+-------------+-----
Fighting       | 4 |  4.3
Armour         | 4 |  4.2
Shields        | 4 |  4.3
Maces & Flails | 3 |  3.1

Action                     |  1- 3 |  4- 6 || total
---------------------------+-------+-------++-------
  Melee: Flail             |   155 |    57 ||   212
    Use: Scroll            |       |     3 ||     3
 Armour: Chain mail        |    37 |       ||    37
         Scale mail        |     5 |       ||     5
         Ring mail         |    77 |    50 ||   127
  Dodge: Dodged            |    70 |    36 ||   106
  Block: Buckler           |    45 |    17 ||    62

Table legend: (Time is in decaauts)
 A = Elapsed time spent in this place.
 B = Non-inter-level travel time spent in this place.
 C = Inter-level travel time spent in this place.
 D = Time resting spent in this place.
 E = Time spent auto-exploring this place.
 F = Levels seen in this place.
 G = Mean time per level.
                   A        B        C        D        E       F      G
               +--------+--------+--------+--------+--------+-----+--------+
         Total |   2490 |   2381 |    109 |     79 |   1723 |   4 |  622.5 |
       Dungeon |   2490 |   2381 |    109 |     79 |   1723 |   4 |  622.5 |
               +--------+--------+--------+--------+--------+-----+--------+

Top non-repeatable levels by time:
     D:3: 876 daAuts
     D:2: 835 daAuts
     D:1: 620 daAuts
     D:4: 157 daAuts
